 Dungeon Sprint DCSS version 0.17-a0-1575-g9a29ec8 (webtiles) character file.

990 nuthulu the Severer (level 10, -3/156 HPs)
             Began as a Minotaur Berserker on July 26, 2015.
             Was a High Priest of Trog.
             Slain by a sea snake (11 damage)
             ... in the Dungeon (Sprint VI: "Thunderdome").
             The game lasted 00:06:43 (1126 turns).

nuthulu the Severer (Minotaur Berserker)            Turns: 1126, Time: 00:06:43

Health: -3/156     AC: 12    Str: 32    XL:     10   Next: 41%
Magic:  3/3        EV: 20    Int: 11    God:    Trog [*****.]
Gold:   34         SH:  0    Dex: 17    Spells: 0 memorised, 9 levels left

rFire  . . .     SeeInvis .     x - +3 battleaxe (antimagic)
rCold  + + .     Clarity  .     r - +0 ring mail
rNeg   + + .     SustAt   .     (no shield)
rPois  .         Gourm    .     (helmet restricted)
rElec  +         Spirit   .     s - +1 cloak
rCorr  +         Warding  +     o - +0 pair of gloves of Incorporation {rC+ rCorr}
rMut   .         NoTele   +     (no boots)
MR     .....                    p - amulet "Harghafry" {Ward rN+ Dex+2 Slay+3}
Stlth  ..........               u - ring "Acuh" {rElec rN+ Int+2 Stlth-}
                                t - ring "Peuneini" {*Confuse rC+ Str+4 Int+5 Dex+3}

@: berserking, lethally poisoned (-3 -> -36), very slightly contaminated,
hasted, very quick, not resistant to hostile enchantments, extremely unstealthy
A: retaliatory headbutt, horns 2
a: Burn Spellbooks, Berserk, Trog's Hand, Brothers in Arms, Renounce Religion
}: 1/15 runes: serpentine


You were in the Dungeon.
You worshipped Trog.
Trog was extremely pleased with you.
You were hungry.

You visited 1 branch You collected 1150 gold pieces.
You spent 1116 gold pieces at shops.

Inventory:

Hand weapons
 a - a +0 hand axe
 n - a +0 broad axe
 x - a +3 antimagic battleaxe (weapon)
Armour
 b - a +0 animal skin
 o - the +0 pair of gloves of Incorporation (worn) {rC+ rCorr}
   (You bought it in a shop in the Dungeon)

   It protects you from cold.
   It protects you from acid and corrosion.
 r - a +0 ring mail (worn)
 s - a +1 cloak (worn)
Rods
 w - a +0 rod of clouds (13/13)
   (You found it in the Dungeon)
Jewellery
 p - the amulet "Harghafry" (around neck) {Ward rN+ Dex+2 Slay+3}
   (You bought it in a shop in the Dungeon)

   [amulet of warding]

   It may prevent the melee attacks of summoned creatures.
   It affects your dexterity (+2).
   It affects your accuracy and damage with ranged weapons and melee attacks
   (+3).
   It protects you from negative energy.
 t - the ring "Peuneini" (left hand) {*Confuse rC+ Str+4 Int+5 Dex+3}
   (You bought it in a shop in the Dungeon)

   [ring of dexterity]

   It affects your strength (+4).
   It affects your intelligence (+5).
   It affects your dexterity (+3).
   It protects you from cold.
   It may confuse you when you take damage.
 u - the ring "Acuh" (right hand) {rElec rN+ Int+2 Stlth-}
   (You bought it in a shop in the Dungeon)

   [ring of intelligence]

   It affects your intelligence (+2).
   It insulates you from electricity.
   It protects you from negative energy.
   It makes you less stealthy.
Magical devices
 j - a wand of cold (5)
 k - a wand of fire (5)
 q - a wand of teleportation (6)
Scrolls
 i - 4 scrolls of blinking
 l - 3 scrolls of fog
Potions
 d - a potion of curing
 e - 4 potions of heal wounds
 f - 3 potions of haste
 g - 2 potions of magic
 h - a potion of berserk rage
 m - a potion of resistance
Comestibles
 c - a bread ration
 v - 2 royal jellies
 z - 3 chunks of flesh


   Skills:
 + Level 14.4 Fighting
 + Level 16.5 Axes
 + Level 13.1 Armour
 + Level 12.1 Dodging


You had 9 spell levels left.
You didn't know any spells.

Dungeon Overview and Level Annotations

Branches:
Dungeon (1/1)

Altars:
Cheibriados
Dithmenos
Fedhas
Gozag
Kikubaaqudgha
Makhleb
Okawaru
Qazlal
Ru
Sif Muna
Trog
Vehumet
Xom
Yredelemnul
Zin
The Shining One
Jiyva
Lugonu

Shops:
D *[%??*?*:[((!!!!


Innate Abilities, Weirdness & Mutations

You reflexively headbutt those who attack you in melee.
You have a pair of horns on your head.


Message History

You closely miss the sea snake. Your headbutt misses the sea snake.
The sea snake is lightly wounded.
You slash the griffon!
The griffon is almost dead.
* * * LOW HITPOINT WARNING * * *
You feel sick. The griffon completely misses you. You furiously retaliate!
You headbutt the griffon. The griffon pecks you.
* * * LOW HITPOINT WARNING * * *
The griffon closely misses you.
Unknown command.
You slice the sea snake!! You headbutt the sea snake!!
The sea snake is almost dead.
You slash the griffon!
You kill the griffon!
Trog accepts your kill.
Your Armour skill increases to level 13!
Your Dodging skill increases to level 12!
* * * LOW HITPOINT WARNING * * *
You feel sick. The sea snake bites you!
You die...

###.8.........8.######
__......###.).)..___∩##
.....†8.# #.8....)...∩###
.......%###.............##
....)###...###..........⌠#
.....# #.<.# #..........⌠#
.....###...###..........⌠#
....[...###.............##
......8.# #.8..S@....∩###
_.......###....†.___∩##
###.8.........8m######
#⌠..........)⌠#
###.........###
#........_# #.........#
#_......._# #∩.......∩#


You could see a sea snake and a merfolk.

Vanquished Creatures
  A sea snake (D)
  A harpy (D)
  A griffon (D)
  A siren (D)
  A spiny frog (D)
  A bog body (D)
  Sigmund (D)
  An insubstantial wisp (D)
  A swamp drake (D)
  6 brain worms (D)
  2 hounds (D)
  3 jellies (D)
  Crazy Yiuf (D)
  Terence (D)
  3 gnolls (D)
  3 giant eyeballs (D)
  A bat (D)
  A hobgoblin (D)
  A quokka (D)
31 creatures vanquished.

Vanquished Creatures (collateral kills)
  A hydra (D)
  An alligator (D)
  Aizul (D)
  A giant leech (D)
  An insubstantial wisp (D)
5 creatures vanquished.

Grand Total: 36 creatures vanquished

Notes
Turn   | Place    | Note
--------------------------------------------------------------
     0 | D        | nuthulu the Minotaur Berserker began the quest for the Orb.
     0 | D        | Reached XP level 1. HP: 19/19 MP: 0/0
     1 | D        | Found a stormy altar of Qazlal.
     1 | D        | Found a blossoming altar of Fedhas.
     2 | D        | Found a snail-covered altar of Cheibriados.
     3 | D        | Found a radiant altar of Vehumet.
     3 | D        | Found a corrupted altar of Lugonu.
     4 | D        | Found a glowing silver altar of Zin.
     4 | D        | Found Xelurr's Weapon Rack.
     4 | D        | Found Cyryep's Premium Goods.
     5 | D        | Found Wufiem's Basic Armour.
     5 | D        | Found Xaptaom's Miscellaneous Merchandise.
     5 | D        | Round 1.
     9 | D        | Reached skill level 4 in Axes
    13 | D        | Bought a +0 broad axe for 120 gold pieces
    18 | D        | Noticed Sigmund
    19 | D        | Found a glowing golden altar of the Shining One.
    20 | D        | Found a shadowy altar of Dithmenos.
    22 | D        | Found Wapyl's Identification Station.
    22 | D        | Found an opulent altar of Gozag.
    22 | D        | Found a basalt altar of Yredelemnul.
    22 | D        | Found a bloodstained altar of Trog.
    22 | D        | Found Zyoted's Bee Food.
    25 | D        | Killed Sigmund
    25 | D        | Acquired Trog's second power
    25 | D        | Reached skill level 8 in Fighting
    25 | D        | Reached XP level 2. HP: 20/36 MP: 1/1
    25 | D        | Reached XP level 3. HP: 22/41 MP: 2/2
    25 | D        | Reached XP level 4. HP: 26/49 MP: 3/3
    25 | D        | Reached XP level 5. HP: 29/56 MP: 4/4
    26 | D        | Found Voclich's Advanced Armour.
    26 | D        | Found Ebio's Jewellery.
    44 | D        | Bought a flickering sapphire amulet for 45 gold pieces
    44 | D        | Identified the amulet "Harghafry" {Ward rN+ Dex+2 Slay+3} (You bought it in a shop in the Dungeon)
    82 | D        | Noticed Terence
    85 | D        | Found an ancient bone altar of Kikubaaqudgha.
    86 | D        | Found an iron altar of Okawaru.
    88 | D        | Killed Terence
    88 | D        | Arena points: 12 (+12) [x2]
    88 | D        | Reached skill level 9 in Axes
    88 | D        | Reached skill level 5 in Armour
   152 | D        | Found Paiw's Magic Scroll Shop.
   153 | D        | Found a sacrificial altar of Ru.
   153 | D        | Found a shimmering altar of Xom.
   153 | D        | Found Telloi's Staff Store.
   153 | D        | Found Zaik's Magic Scroll Shop.
   153 | D        | Found Yczadolo's Must-Have Magic.
   153 | D        | Round 2.
   159 | D        | Found a burning altar of Makhleb.
   163 | D        | Found a viscous altar of Jiyva.
   202 | D        | Found a deep blue altar of Sif Muna.
   203 | D        | Found Siorheh's Distillery.
   206 | D        | Noticed Crazy Yiuf
   206 | D        | Reached skill level 5 in Dodging
   208 | D        | Found Muotyeke's Distillery.
   209 | D        | Found Doyppirgh's Bottled Wisdom.
   212 | D        | Killed Crazy Yiuf
   213 | D        | Found Vuceuh's Do-It-Yourself Clinic.
   226 | D        | Acquired Trog's third power
   256 | D        | Reached XP level 6. HP: 19/64 MP: 5/5
   262 | D        | Arena points: 54 (+42) [x3]
   282 | D        | Bought a brightly glowing bronze ring for 45 gold pieces
   282 | D        | Bought a clouded turquoise ring for 45 gold pieces
   282 | D        | Identified the ring "Peuneini" {*Confuse rC+ Str+4 Int+5 Dex+3} (You bought it in a shop in the Dungeon)
   283 | D        | Identified the ring "Acuh" {rElec rN+ Int+2 Stlth-} (You bought it in a shop in the Dungeon)
   333 | D        | Round 3.
   362 | D        | Paralysed by a giant eyeball for 3 turns
   385 | D        | Reached skill level 10 in Axes
   421 | D        | Paralysed by a giant eyeball for 3 turns
   424 | D        | Reached skill level 10 in Fighting
   435 | D        | Paralysed by a giant eyeball for 4 turns
   442 | D        | Arena points: 138 (+84) [x4]
   478 | D        | Round 4.
   534 | D        | Reached XP level 7. HP: 67/73 MP: 6/6
   544 | D        | Reached skill level 11 in Axes
   572 | D        | Received a gift from Trog
   606 | D        | Arena points: 278 (+140) [x5]
   625 | D        | Bought a pair of shimmering gloves for 332 gold pieces
   630 | D        | Identified the +0 pair of gloves of Incorporation {rC+ rCorr} (You bought it in a shop in the Dungeon)
   681 | D        | Round 5.
   684 | D        | Noticed Aizul
   691 | D        | Killed Aizul
   691 | D        | Arena points: 558 (+280) [x7]
   691 | D        | Reached skill level 12 in Axes
   691 | D        | Reached skill level 10 in Armour
   691 | D        | Reached XP level 8. HP: 81/83 MP: 7/7
   694 | D        | Got a serpentine rune of Zot
   695 | D        | Reached skill level 14 in Axes
   695 | D        | Reached XP level 9. HP: 87/90 MP: 8/8
   724 | D        | Bought 3 royal jellies for 24 gold pieces
   882 | D        | Round 6.
   899 | D        | Noticed a spiny frog
   908 | D        | Killed a spiny frog
   922 | D        | Noticed an alligator
   940 | D        | Noticed a seven-headed hydra
   951 | D        | Killed a seven-headed hydra
   951 | D        | Reached skill level 15 in Axes
   951 | D        | Reached skill level 10 in Dodging
   970 | D        | Killed an alligator
   985 | D        | Received a gift from Trog
   999 | D        | Arena points: 990 (+432) [x8]
  1011 | D        | Bought 3 potions of heal wounds for 105 gold pieces
  1026 | D        | Bought a quad damage for 400 gold pieces
  1051 | D        | Round 7.
  1051 | D        | Noticed a siren
  1055 | D        | Noticed a harpy
  1060 | D        | Killed a siren
  1060 | D        | Reached XP level 10. HP: 46/101 MP: 3/9
  1062 | D        | Killed a harpy
  1062 | D        | Reached skill level 16 in Axes
  1109 | D        | Noticed a sea snake
  1109 | D        | Noticed a sea snake
  1113 | D        | Noticed a griffon
  1117 | D        | HP: 2/102 [sea snake (19)]
  1122 | D        | Killed a sea snake
  1126 | D        | Killed a griffon
  1126 | D        | Slain by a sea snake

Vault maps used:
D:        arena_sprint

Action                   |  1- 3 |  4- 6 |  7- 9 | 10-12 || total
-------------------------+-------+-------+-------+-------++-------
Melee: Broad axe         |     3 |    39 |    25 |       ||    67
       Battleaxe         |       |       |    10 |    10 ||    20
Invok: Berserk           |     1 |       |       |     1 ||     2
       Brothers in Arms  |       |       |     3 |       ||     3
Evoke: Quad damage       |       |       |     1 |       ||     1
  Use: Potion            |       |     1 |     2 |     3 ||     6
  Eat: Royal jelly       |       |       |     1 |       ||     1
